 Dungeon Crawl Stone Soup version 0.19-a0-994-g3c636f0 (webtiles) character file.

178430 Gorice the Nimble (level 17, -10/128 HPs)
             Began as a Demonspawn Venom Mage on July 13, 2016.
             Was a High Priest of Sif Muna.
             Mangled by a seven-headed hydra (13 damage)
             ... on level 4 of the Swamp on July 15, 2016.
             The game lasted 06:09:03 (43297 turns).

Gorice the Nimble (Demonspawn Venom Mage)          Turns: 43297, Time: 06:09:04

Health: -10/128    AC: 17    Str:  8    XL:     17   Next: 57%
Magic:  32/34      EV: 21    Int: 25    God:    Sif Muna [*****.]
Gold:   1764       SH:  5    Dex: 13    Spells: 14 memorised, 4 levels left

rFire  . . .     SeeInvis .     C - staff of conjuration
rCold  . . .     Gourm    .     S - +2 robe {Archmagi}
rNeg   . . .     Faith    .     M - +0 buckler of a labyrinth {+Blink}
rPois  +         Spirit   .     G - +1 helmet
rElec  .         Dismiss  .     P - +2 cloak {+Inv}
rCorr  .         Reflect  .     X - +1 pair of gloves
SustAt .         Harm     .     (no boots)
MR     +....                    r - amulet of magic regeneration
Stlth  ++++......               e - ring of poison resistance
                                D - +6 ring of protection

@: very slightly contaminated, somewhat resistant to hostile enchantments,
stealthy
A: claws 2, nightstalker 2, powered by death 3, sturdy frame 2
a: Divine Energy, Channel Magic, Forget Spell, Renounce Religion, Evoke Blink,
Evoke Invisibility


You were on level 4 of the Swamp.
You worshipped Sif Muna.
Sif Muna was extremely pleased with you.
You were not hungry.

You visited 6 branches of the dungeon, and saw 31 of its levels.
You also visited: Ice Cave and Volcano.

You collected 3228 gold pieces.
You spent 1464 gold pieces at shops.

Inventory:

Hand Weapons
 a - the +7 falchion "Kaatown" {elec, rF+}
   (You found it on level 3 of the Snake Pit)

   Occasionally, upon striking a foe, it will discharge some electrical energy
   and cause terrible harm.
   It protects you from fire.
 b - a +1 flail of protection
   (You took it off an orc on level 8 of the Dungeon)
Missiles
 T - 10 javelins (quivered)
 Y - 7 throwing nets
Armour
 j - a +0 pair of boots
 G - a +1 helmet (worn)
 M - the +0 buckler of a labyrinth (worn) {+Blink}
   (You found it on level 10 of the Dungeon)

   It lets you blink.
 P - a +2 cloak of invisibility (worn)
   (You took it off Crazy Yiuf on level 5 of the Dungeon)
 S - a +2 robe of the Archmagi (worn)
   (You found it on level 1 of the Dungeon)
 X - a +1 pair of gloves (worn)
Magical Staves
 C - an uncursed staff of conjuration (weapon)
Jewellery
 e - a ring of poison resistance (right hand)
 r - an amulet of magic regeneration (around neck)
 w - an uncursed ring of resist corrosion
 x - an uncursed ring of protection from fire
 A - an uncursed ring of see invisible
 D - a +6 ring of protection (left hand)
 O - an uncursed ring of protection from cold
Wands
 f - a wand of digging (8/24)
 k - a wand of enslavement (17/24)
 n - a wand of heal wounds (5/9) {!d}
 p - a wand of heal wounds (8/9) {!d}
 u - a wand of paralysis (22/24)
Scrolls
 h - a scroll of teleportation {!r}
 i - a scroll of fog
 q - a scroll of amnesia
 y - 5 scrolls of identify
 H - a scroll of blinking
 N - 2 scrolls of magic mapping {!r}
 R - 7 scrolls of remove curse
Potions
 d - 5 potions of resistance {!q}
 l - 8 potions of curing
 m - 5 potions of flight
 t - 6 potions of might {!q}
 v - 2 potions of cancellation {!q}
 z - 6 potions of agility {!q}
 E - 2 potions of invisibility {!q}
 I - 3 potions of haste {!q}
 Q - a potion of magic {!q}
Books
 g - Sif Muna's Almanac of Flying Dark Magic
   (Sif Muna gifted it to you on level 4 of the Swamp)

   Spells                             Type                      Level
   a - Airstrike                      Air                          4
   b - Control Undead                 Necromancy                   4
   c - Dispel Undead                  Necromancy                   5
   d - Conjure Ball Lightning         Conjuration/Air              6
   e - Death Channel                  Necromancy                   6
   f - Haunt                          Necromancy/Summoning         7
Miscellaneous
 o - a fan of gales
 U - a box of beasts
Comestibles
 c - 17 bread rations {!e}
 s - 24 fruits


   Skills:
 - Level 10.0 Fighting
 * Level 14.9 Dodging
 - Level 1.7 Stealth
 - Level 5.0 Shields
 + Level 13.7 Spellcasting
 + Level 14.1 Conjurations
 - Level 3.0 Charms
 - Level 3.0 Translocations
 - Level 9.1 Poison Magic
 - Level 10.2 Invocations
 - Level 10.0 Evocations


You had 4 spell levels left.
You knew the following spells:

 Your Spells              Type           Power        Failure   Level  Hunger
a - Sting                 Conj/Pois      ####         1%          1    None
b - Mephitic Cloud        Conj/Pois/Air  #######.     1%          3    None
c - Conjure Flame         Conj/Fire      #######.     1%          3    None
d - Olgreb's Toxic Radia  Pois           #######.     1%          4    None
e - Venom Bolt            Conj/Pois      ########..   1%          5    ##.....
f - Magic Dart            Conj           ####         0%          1    None
g - Stone Arrow           Conj/Erth      ######       1%          3    None
h - Iskenderun's Mystic   Conj           ########     1%          4    None
i - Poison Arrow          Conj/Pois      ########..   4%          6    #####..
A - Apportation           Tloc           #####.....   1%          1    None
B - Summon Butterflies    Summ           ####....     4%          1    None
J - Blink                 Tloc           N/A          1%          2    None
M - Repel Missiles        Chrm/Air       #####.       3%          2    None
R - Regeneration          Chrm/Necr      #####.....   8%          3    None


Dungeon Overview and Level Annotations

Branches:
Dungeon (15/15)            Temple (1/1) D:7            Lair (6/6) D:10
  Swamp (4/4) Lair:3        Snake (3/4) Lair:2        Slime (0/5) Lair:5
    Orc (2/2) D:12            Elf (0/3) Orc:2        Vaults (0/5) D:13
 Depths (0/5) D:15

Altars:
Ashenzari
Cheibriados
Dithmenos
Elyvilon
Fedhas
Gozag
Hepliaklqana
Kikubaaqudgha
Makhleb
Nemelex Xobeh
Okawaru
Pakellas
Qazlal
Ru
Sif Muna
Trog
Uskayaw
Vehumet
Xom
Yredelemnul
Zin
The Shining One
Beogh
Jiyva
Lugonu

Shops:
D:7 *   D:12 [   Orc:1 =   Orc:2 =?=}


Innate Abilities, Weirdness & Mutations

You have very sharp fingernails.
You are significantly more attuned to the shadows.
You regenerate a lot of health from kills.
Your movements are less encumbered by armour. (ER -4)


Message History

You block the seven-headed hydra's attack.
The seven-headed hydra bites you.
* * * LOW HITPOINT WARNING * * *
The seven-headed hydra bites you but does no damage.
The swamp drake breathes noxious fumes at you.
The noxious blast engulfs the seven-headed hydra.
The seven-headed hydra appears unharmed.
The five-headed hydra closely misses you.
The five-headed hydra misses you.
The five-headed hydra closely misses you.
The five-headed hydra bites you!
* * * LOW HITPOINT WARNING * * *
The five-headed hydra bites you!
* * * LOW HITPOINT WARNING * * *
The swamp worm bites the swamp drake.
Unknown command.
Damage: 25 (max 46) Unknown command.
Unknown command.
Unknown command.
Unknown command.
The swamp drake breathes noxious fumes at you.
The noxious blast engulfs the seven-headed hydra.
The seven-headed hydra appears unharmed.
Unknown command.
The seven-headed hydra bites you!
* * * LOW HITPOINT WARNING * * *
The seven-headed hydra bites you.
* * * LOW HITPOINT WARNING * * *
The seven-headed hydra bites you but does no damage.
The seven-headed hydra misses you. x3
The seven-headed hydra bites you but does no damage.
Damage: 17 (max 46) Unknown command.
Unknown command.
Unknown command.
Evoke which item? (* to show all) (? for menu, Esc to quit)
That item cannot be evoked!
Evoke which item? (* to show all) (? for menu, Esc to quit)
Zapping:
n - a wand of heal wounds (6/9) {!d}
Press: ? - help, Shift-Dir - straight line, f - you You feel much better.
This wand has 5 charges left.
The five-headed hydra bites you but does no damage. x2
The five-headed hydra bites you!
* * * LOW HITPOINT WARNING * * *
The five-headed hydra barely misses you.
The five-headed hydra bites you!
* * * LOW HITPOINT WARNING * * *
The seven-headed hydra bites you!
You die...

♣♣≈♣.♣..≈≈..≈...
.≈
♣..≈♣...≈.≈...§.
D≈
♣.....≈≈..≈≈.≈..
≈§
♣♣≈....≈.....§..≈
≈≈
♣§§w.........≈≈≈.
≈≈
♣§..≈≈.≈≈≈.≈.$≈D≈
≈≈
♣♣§≈..≈..........
≈ ♣♣DD§...♣≈ .. .
♣@D§§§.... .
♣♣.♣♣♣≈.≈. ♣♣#
##≈ .≈≈≈≈≈≈≈♣


You could see a seven-headed hydra, a six-headed hydra, a five-headed hydra and
a swamp worm (confused).

Vanquished Creatures
  Bai Suzhen (Swamp:4)
  Vashnia (Snake:2)
  Jorgrun (Swamp:2)
  Rupert (D:13)
  The ghost of Xiguana the Timeless, an adept NaTm of Cheibriados (Swamp:4)
  Gastronok (Lair:3)
  2 thorn hunters
  Azrael (D:15)
  An ettin (D:13)
  A fire dragon (Volcano)
  Josephine (Swamp:1)
  6 naga warriors
  2 yaktaur captains (D:13)
  Harold (D:12)
  A rakshasa (D:15)
  The ghost of Sapher the Cleaver, a journeyman DsAr of Trog (D:10)
  2 catoblepae
  2 centaur warriors
  7 anacondas
  16 hydras
  5 alligators
  The ghost of ololoev the Basher, a novice DDHu of Elyvilon (Orc:1)
  2 ogre magi
  3 shock serpents
  11 naga sharpshooters
  Sonja (D:11)
  3 spriggans
  A fire crab (shapeshifter) (D:15)
  A salamander mystic (Snake:2)
  3 naga ritualists
  A spriggan druid (Swamp:3)
  An unseen horror (shapeshifter) (D:15)
  2 unseen horrors
  8 swamp dragons
  4 hill giants
  6 mana vipers
  6 orc knights
  2 deep elf magi
  An orc sorcerer (Orc:1)
  A griffon (D:13)
  A wolf spider (Lair:6)
  7 ugly things
  A manticore (D:15)
  7 salamanders
  2 hornets
  6 cyclopes
  4 elephants (Lair:5)
  36 black mambas
  2 centaur zombies
  Psyche (D:8)
  7 naga magi
  2 ice statues (IceCv)
  5 guardian serpents
  22 spiny frogs
  3 gargoyles
  2 yaktaurs (D:13)
  11 komodo dragons
  A freezing wraith (D:15)
  2 tengu conjurers (D:10)
  2 polar bears (Lair:6)
  A queen bee (shapeshifter) (D:15)
  15 blink frogs
  5 giant leeches
  5 trolls
  8 two-headed ogres
  6 slime creatures
  15 bog bodies
  Sigmund (D:2)
  A shadow (Swamp:1)
  6 wraiths
  12 wyverns
  A vampire (D:15)
  5 basilisks
  4 fire bats (Volcano)
  2 fire elementals
  86 yaks
  10 hippogriffs
  16 vampire mosquitoes
  5 steam dragons
  3 hungry ghosts
  19 nagas
  2 wargs
  A mottled dragon (D:15)
  19 swamp worms
  6 insubstantial wisps (Swamp:1)
  A swamp worm (shapeshifter) (D:15)
  29 water moccasins
  4 hell hounds (D:15)
  Duvessa (D:7)
  39 orc warriors
  6 swamp drakes
  8 porcupines
  2 sky beasts
  9 ice beasts
  3 black bears
  9 wasps
  5 phantoms
  18 centaurs
  21 ogres
  4 boggarts (D:15)
  14 wolves
  23 crocodiles
  A big kobold (D:10)
  An earth elemental (D:12)
  21 giant frogs
  A wyvern zombie (D:13)
  A wyvern skeleton (D:9)
  Dowan (D:7)
  2 scorpions
  24 killer bees
  13 wights
  An electric eel (Lair:4)
  8 howler monkeys
  8 crimson imps
  A giant frog zombie (D:8)
  2 hounds
  3 quasits
  Crazy Yiuf (D:5)
  23 orc priests
  7 centaur skeletons
  5 jellies
  32 orc wizards
  4 giant frog skeletons
  Terence (D:3)
  Jessica (D:3)
  10 iguanas
  17 worker ants
  A killer bee zombie (D:6)
  18 sheep
  A hound zombie (D:7)
  A hound skeleton (D:11)
  A worker ant zombie (D:5)
  A howler monkey zombie (D:9)
  27 adders
  50 river rats
  7 shadow imps
  3 oozes
  An adder skeleton (D:7)
  A worm (D:2)
  3 dart slugs (D:1)
  8 giant geckos
  107 orcs
  3 ball pythons
  7 giant cockroaches
  2 gnoll zombies (D:9)
  10 goblins
  3 hobgoblins
  10 jackals
  3 quokkas
  15 bats
  2 giant gecko skeletons
  7 giant newts
  15 kobolds
  15 rats
  A fungus (D:5)
  A plant (Lair:2)
1200 creatures vanquished.

Vanquished Creatures (others)
  An air elemental (D:12)
  A water elemental (D:12)
  A steam dragon (Volcano)
  A warg (Orc:2)
  2 orc warriors (Orc:2)
  An ogre (Orc:2)
  36 fungi
  21 plants
64 creatures vanquished.

Grand Total: 1264 creatures vanquished

Notes
Turn   | Place    | Note
-------+----------+-------------------------------------------
     0 | D:1      | Gorice the Demonspawn Venom Mage began the quest for the Orb.
     0 | D:1      | Reached XP level 1. HP: 13/13 MP: 3/3
   143 | D:1      | Reached skill level 1 in Conjurations
   199 | D:1      | Gained mutation: You have sharp fingernails. [demonic ancestry]
   199 | D:1      | Reached XP level 2. HP: 19/19 MP: 0/5
   413 | D:1      | Reached skill level 2 in Conjurations
  1108 | D:1      | --robe of archmagi on D1!
  1115 | D:2      | Reached XP level 3. HP: 24/24 MP: 4/6
  1234 | D:2      | Reached skill level 3 in Conjurations
  1464 | D:2      | Noticed Sigmund
  1687 | D:2      | --and +6 =protection
  2174 | D:3      | Noticed Jessica
  2254 | D:3      | Killed Jessica
  2254 | D:3      | Gained mutation: You regenerate a little health from kills. [demonic ancestry]
  2254 | D:3      | Reached XP level 4. HP: 30/30 MP: 2/7
  2306 | D:3      | Reached skill level 4 in Conjurations
  2694 | D:3      | Noticed Terence
  2810 | D:3      | Found a sacrificial altar of Ru.
  2851 | D:3      | Killed Terence
  2851 | D:3      | Gained mutation: You regenerate health from kills. [demonic ancestry]
  2851 | D:3      | Reached XP level 5. HP: 35/35 MP: 8/8
  2868 | D:3      | Reached skill level 3 in Spellcasting
  2935 | D:3      | Upgraded the game from 0.19-a0-975-gfff5315 to 0.19-a0-981-gaae9137
  3206 | D:3      | Found a shadowy altar of Dithmenos.
  3207 | D:3      | Found a deep blue altar of Sif Muna.
  3207 | D:3      | Found a glowing golden altar of the Shining One.
  3207 | D:3      | Found a burning altar of Makhleb.
  3207 | D:3      | Found a white marble altar of Elyvilon.
  3208 | D:3      | Found a glowing silver altar of Zin.
  3209 | D:3      | Found a shimmering altar of Xom.
  3210 | D:3      | Found a stormy altar of Qazlal.
  3211 | D:3      | Found an iron altar of Okawaru.
  3219 | D:3      | Became a worshipper of Sif Muna the Loreminder
  3499 | D:4      | Gained mutation: Your movements are slightly less encumbered by armour. (ER -2) [demonic ancestry]
  3499 | D:4      | Reached XP level 6. HP: 41/41 MP: 1/10
  3674 | D:4      | Reached skill level 5 in Conjurations
  3826 | D:4      | Reached skill level 5 in Poison Magic
  3834 | D:4      | Learned a level 3 spell: Mephitic Cloud
  3959 | D:4      | Found a sparkling altar of Nemelex Xobeh.
  3960 | D:4      | Found an opulent altar of Gozag.
  4072 | D:4      | Found a shadowy altar of Dithmenos.
  4331 | D:5      | Entered Level 5 of the Dungeon
  4702 | D:5      | Reached XP level 7. HP: 34/46 MP: 11/11
  4880 | D:5      | You fall through a shaft for 3 floors!
  5013 | D:8      | Reached * piety under Sif Muna
  5082 | D:7      | Reached skill level 6 in Conjurations
  5374 | D:6      | Reached skill level 6 in Poison Magic
  5470 | D:6      | Learned a level 3 spell: Conjure Flame
  5679 | D:5      | Found a runed door.
  5683 | D:5      | Noticed Crazy Yiuf
  5689 | D:5      | Killed Crazy Yiuf
  5689 | D:5      | Reached skill level 7 in Conjurations
  5689 | D:5      | Gained mutation: You have very sharp fingernails. [demonic ancestry]
  5689 | D:5      | Reached XP level 8. HP: 52/52 MP: 4/12
  5996 | D:5      | Reached ** piety under Sif Muna
  6038 | D:5      | Reached skill level 7 in Poison Magic
  7113 | D:7      | Reached skill level 8 in Conjurations
  7183 | D:7      | Noticed Duvessa
  7186 | D:7      | Noticed Dowan
  7197 | D:7      | Killed Duvessa
  7224 | D:6      | Reached skill level 8 in Poison Magic
  7249 | D:6      | Learned a level 4 spell: Olgreb's Toxic Radiance
  7264 | D:7      | Killed Dowan
  7565 | D:7      | Reached *** piety under Sif Muna
  7623 | D:7      | Reached XP level 9. HP: 54/57 MP: 10/13
  7673 | D:7      | Found a staircase to the Ecumenical Temple.
  7682 | Temple   | Entered the Ecumenical Temple
  7934 | D:7      | Found Vuiraub's Assorted Antiques.
  7942 | D:7      | Bought a scroll of identify for 56 gold pieces
  7942 | D:7      | Bought a silver ring for 140 gold pieces
  8051 | D:7      | Reached skill level 9 in Conjurations
  8329 | D:5      | --wow 2x explosion of sparks 2-shots phantom
  8411 | D:2      | Killed Sigmund
  8411 | D:2      | Reached skill level 9 in Poison Magic
  8552 | D:8      | Reached skill level 4 in Spellcasting
  8556 | D:8      | Learned a level 2 spell: Blink
  8559 | D:8      | Learned a level 2 spell: Repel Missiles
  8605 | D:7      | HP: 14/57 [wyvern (11)]
  8827 | D:7      | Reached **** piety under Sif Muna
  8839 | D:8      | Reached skill level 5 in Spellcasting
  8885 | D:8      | Found a snail-covered altar of Cheibriados.
  8889 | D:8      | Noticed a troll
  8900 | D:8      | Killed a troll
  8902 | D:8      | Reached skill level 6 in Spellcasting
  9209 | D:8      | Noticed Psyche
  9215 | D:8      | Paralysed by you for 2 turns
  9223 | D:8      | Killed Psyche
  9223 | D:8      | Reached skill level 7 in Spellcasting
  9232 | D:8      | Learned a level 5 spell: Venom Bolt
  9234 | D:8      | Learned a level 1 spell: Magic Dart
  9521 | D:9      | Reached skill level 1 in Fighting
  9521 | D:9      | Reached XP level 10. HP: 65/65 MP: 3/21
  9630 | D:9      | Found a snail-covered altar of Cheibriados.
  9653 | D:9      | Found an oddly glowing altar of Pakellas.
  9696 | D:9      | Reached skill level 2 in Fighting
  9774 | D:9      | Found a sacrificial altar of Ru.
  9788 | D:9      | Reached skill level 3 in Fighting
  9788 | D:9      | Reached skill level 8 in Spellcasting
 10102 | D:9      | Found a bloodstained altar of Trog.
 10399 | D:9      | Found a basalt altar of Yredelemnul.
 10623 | D:10     | Entered Level 10 of the Dungeon
 10631 | D:10     | Noticed a purple ugly thing
 10643 | D:10     | Killed a purple ugly thing
 10643 | D:10     | Reached skill level 4 in Fighting
 10689 | D:10     | Reached skill level 5 in Fighting
 10772 | D:10     | Got a spiked leather armour
 10790 | D:10     | Reached ***** piety under Sif Muna
 10790 | D:10     | Reached skill level 9 in Spellcasting
 10826 | D:10     | Noticed Sapher's ghost (journeyman DsAr)
 11126 | D:10     | Got a translucent buckler
 11132 | D:10     | Identified the +0 buckler of a labyrinth {+Blink} (You found it on level 10 of the Dungeon)
 11180 | D:10     | Found a shattered altar of Ashenzari.
 11203 | D:10     | Received a gift from Sif Muna
 11204 | D:10     | Identified Sif Muna's Almanac of Attacks (Sif Muna gifted it to you on level 10 of the Dungeon)
 11235 | D:10     | Reached skill level 1 in Shields
 11391 | D:10     | Reached skill level 6 in Fighting
 11391 | D:10     | Reached skill level 2 in Shields
 11391 | D:10     | Gained mutation: You are slightly more attuned to the shadows. [demonic ancestry]
 11391 | D:10     | Reached XP level 11. HP: 81/81 MP: 10/24
 11939 | D:10     | Learned a level 3 spell: Stone Arrow
 12218 | D:10     | Found a staircase to the Lair.
 12241 | Lair:1   | Entered Level 1 of the Lair of Beasts
 12276 | Lair:1   | Identified the +3 leather armour of Card Tricks {rC+ rN+} (You took it off a kobold on level 10 of the Dungeon)
 12470 | Lair:1   | Reached skill level 3 in Shields
 12648 | Lair:1   | Reached skill level 7 in Fighting
 12771 | Lair:1   | Reached skill level 4 in Shields
 12910 | Lair:1   | Reached skill level 10 in Spellcasting
 13559 | Lair:2   | Found a staircase to the Snake Pit.
 13662 | Lair:2   | Reached skill level 5 in Shields
 13738 | Lair:2   | Reached skill level 8 in Fighting
 13925 | Lair:2   | HP: 24/87 [adder (3)]
 13928 | Lair:2   | HP: 10/87 [adder (4)]
 13932 | Lair:2   | HP: 3/87 [adder (5)]
 13937 | Lair:2   | HP: 7/87 [poisoned by an adder]
 13943 | Lair:2   | HP: 9/87 [poisoned by an adder]
 13948 | Lair:2   | HP: 9/87 [poisoned by an adder]
 13956 | Lair:2   | HP: 9/87 [poisoned by an adder]
 14312 | Lair:2   | Gained mutation: You regenerate a lot of health from kills. [demonic ancestry]
 14312 | Lair:2   | Reached XP level 12. HP: 84/94 MP: 16/26
 14313 | Lair:2   | --wow all 3 random stat bumps have gone into int as well!
 14559 | Lair:2   | Reached skill level 1 in Invocations
 14962 | Lair:3   | Reached skill level 2 in Invocations
 14974 | Lair:3   | Reached skill level 9 in Fighting
 15027 | Lair:3   | Reached skill level 3 in Invocations
 15040 | Lair:3   | Noticed Gastronok
 15040 | Lair:3   | Reached skill level 11 in Spellcasting
 15096 | Lair:3   | Killed Gastronok
 15096 | Lair:3   | Reached skill level 4 in Invocations
 15207 | Lair:3   | Reached skill level 5 in Invocations
 15289 | Lair:3   | Received a gift from Sif Muna
 15416 | Lair:3   | Found a staircase to the Swamp.
 15428 | Lair:3   | Reached skill level 6 in Invocations
 15429 | Lair:3   | Reached skill level 10 in Fighting
 15530 | Lair:3   | Reached skill level 1 in Evocations
 15688 | Lair:3   | Reached skill level 2 in Evocations
 16121 | Lair:3   | Upgraded the game from 0.19-a0-981-gaae9137 to 0.19-a0-994-g3c636f0
 16142 | Lair:4   | Reached skill level 7 in Invocations
 16164 | Lair:4   | Noticed a four-headed hydra
 16187 | Lair:4   | Killed a four-headed hydra
 16187 | Lair:4   | Reached skill level 3 in Evocations
 16250 | Lair:4   | --wow hadn't even noticed I had a /hw!
 17089 | Lair:5   | Reached skill level 10 in Conjurations
 17191 | Lair:5   | Reached XP level 13. HP: 103/103 MP: 18/28
 17486 | Lair:5   | Reached skill level 4 in Evocations
 17536 | Lair:5   | Found a viscous altar of Jiyva.
 17537 | Lair:5   | Found a staircase to the Slime Pits.
 17706 | Lair:5   | Reached skill level 8 in Invocations
 17736 | Lair:5   | --wow 2nd /hw!
 17872 | Lair:5   | Reached skill level 2 in Dodging
 18047 | Lair:6   | Entered Level 6 of the Lair of Beasts
 18070 | Lair:6   | Reached skill level 3 in Dodging
 18225 | Lair:6   | Reached skill level 5 in Evocations
 18492 | Lair:6   | Reached skill level 4 in Dodging
 18696 | Lair:6   | Reached skill level 6 in Evocations
 18890 | Lair:6   | Reached skill level 11 in Conjurations
 18977 | Lair:6   | Reached skill level 5 in Dodging
 18989 | Lair:6   | Reached skill level 1 in Translocations
 19123 | Lair:6   | Reached skill level 2 in Translocations
 19252 | Lair:6   | Received a gift from Sif Muna
 19377 | Lair:6   | Reached skill level 7 in Evocations
 19593 | Lair:6   | Got a brightly glowing great sword
 19710 | Lair:6   | Reached skill level 6 in Dodging
 19949 | Lair:6   | Reached skill level 3 in Translocations
 20639 | D:11     | Reached skill level 1 in Charms
 20703 | D:11     | Found a frozen archway.
 20709 | D:11     | Gained mutation: You are significantly more attuned to the shadows. [demonic ancestry]
 20709 | D:11     | Reached XP level 14. HP: 107/110 MP: 25/29
 20777 | IceCv    | Entered an ice cave
 20874 | IceCv    | Reached skill level 2 in Charms
 21258 | D:11     | Noticed Sonja
 21264 | D:11     | Killed Sonja
 21264 | D:11     | Reached skill level 8 in Evocations
 21553 | D:11     | Reached skill level 7 in Dodging
 21553 | D:11     | Reached skill level 3 in Charms
 22093 | D:12     | Noticed Harold
 22127 | D:12     | Killed Harold
 22408 | D:12     | Found Cahotzut's Armour Shop.
 22499 | D:12     | Found a large runed door.
 22501 | D:12     | Found a large runed door.
 22883 | D:12     | Found a staircase to the Orcish Mines.
 23482 | D:10     | Killed Sapher's ghost
 23482 | D:10     | Reached skill level 9 in Evocations
 23617 | Orc:1    | Entered Level 1 of the Orcish Mines
 23626 | Orc:1    | Found Kiliz's Jewellery Shop.
 23720 | Orc:1    | Noticed ololoev's ghost (novice DDHu)
 23730 | Orc:1    | Reached skill level 8 in Dodging
 23753 | Orc:1    | Killed ololoev's ghost
 23796 | Orc:1    | Found a roughly hewn altar of Beogh.
 23823 | Orc:1    | Found a dark tunnel.
 23833 | Volcano  | Entered a volcano
 24086 | Volcano  | HP: 22/110 [wyvern (13)]
 25099 | Orc:1    | Reached skill level 10 in Evocations
 25400 | Orc:1    | Bought a +6 ring of intelligence for 877 gold pieces
 25400 | Orc:1    | Bought a cursed ring of teleportation for 67 gold pieces
 25467 | Orc:2    | Entered Level 2 of the Orcish Mines
 25683 | Orc:1    | Reached skill level 9 in Dodging
 26016 | Orc:2    | Received a gift from Sif Muna
 26022 | Orc:2    | Identified Sif Muna's Incunabulum of Excruciating Orientation (Sif Muna gifted it to you on level 2 of the Orcish Mines)
 26028 | Orc:2    | Learned a level 4 spell: Iskenderun's Mystic Blast
 26115 | Orc:2    | Reached skill level 9 in Invocations
 26346 | Orc:2    | Found a staircase to the Elven Halls.
 26490 | Orc:2    | Found Cekef's Jewellery Boutique.
 26490 | Orc:2    | Found Plog's Magic Scroll Shoppe.
 26490 | Orc:2    | Found Vesum's Jewellery Emporium.
 26493 | Orc:2    | Found Wemiaf's Gadget Shop.
 26757 | Orc:2    | Bought a scroll of identify for 24 gold pieces
 26909 | Lair:1   | Identified the +7 great sword "Vecebbei" {vamp, rC+} (You found it on level 6 of the Lair of Beasts)
 26910 | Lair:1   | --nice...
 26992 | D:13     | Gained mutation: Your movements are less encumbered by armour. (ER -4) [demonic ancestry]
 26992 | D:13     | Reached XP level 15. HP: 115/115 MP: 27/30
 27047 | D:13     | Noticed Rupert
 27065 | D:13     | Killed Rupert
 27065 | D:13     | Reached skill level 10 in Invocations
 27317 | D:13     | Reached skill level 10 in Dodging
 27621 | D:13     | Found a gate to the Vaults.
 28264 | D:13     | You fall through a shaft for 2 floors!
 28264 | D:15     | Entered Level 15 of the Dungeon
 28549 | D:15     | Noticed Azrael
 28554 | D:15     | Killed Azrael
 29405 | Lair:1   | Learned a level 6 spell: Poison Arrow
 29848 | D:15     | Reached skill level 11 in Dodging
 29862 | D:15     | HP: 33/115 [fire crab (shapeshifter) (9)]
 29924 | D:14     | HP: 28/115 [slime creature (21)]
 29927 | D:14     | HP: 11/115 [slime creature (13)]
 30581 | D:15     | Found a basalt altar of Yredelemnul.
 30911 | D:15     | Reached skill level 12 in Spellcasting
 30984 | D:15     | Found a staircase to the Depths.
 31256 | D:15     | HP: 30/115 [freezing wraith (8)]
 31256 | D:15     | HP: 10/115 [freezing wraith (20)]
 31261 | D:15     | Received a gift from Sif Muna
 31267 | D:15     | Learned a level 3 spell: Regeneration
 31695 | Orc:2    | Bought an uncursed ring of poison resistance for 300 gold pieces
 31904 | Swamp:1  | Entered Level 1 of the Swamp
 32090 | Swamp:1  | Reached skill level 12 in Conjurations
 32222 | Swamp:1  | Noticed Josephine
 32226 | Swamp:1  | Killed Josephine
 32340 | Swamp:1  | Learned a level 1 spell: Summon Butterflies
 32771 | Swamp:1  | Reached skill level 12 in Dodging
 32936 | Swamp:1  | Reached XP level 16. HP: 119/122 MP: 20/32
 32937 | Swamp:1  | --wow that's the 1st 4 random stat boosts that have all gone into Int
 33374 | Swamp:1  | Learned a level 1 spell: Apportation
 33974 | Swamp:2  | Noticed Jorgrun
 33979 | Swamp:2  | Killed Jorgrun
 35436 | Swamp:3  | Noticed a thorn hunter
 35439 | Swamp:3  | Killed a thorn hunter
 35869 | Snake:1  | Entered Level 1 of the Snake Pit
 36084 | Snake:1  | Reached skill level 13 in Dodging
 36275 | Snake:1  | Got a pitted scale mail
 36689 | Snake:1  | Identified the +5 scale mail of the Nexus {rElec Stlth+} (You found it on level 1 of the Snake Pit)
 36876 | Snake:2  | Received a gift from Sif Muna
 36968 | Snake:2  | Noticed Vashnia
 37041 | Snake:2  | Reached skill level 13 in Conjurations
 37475 | Snake:2  | Killed Vashnia
 37475 | Snake:2  | Reached skill level 13 in Spellcasting
 38369 | Snake:2  | HP: 35/122 [naga warrior/trident (5)]
 38376 | Snake:2  | HP: 27/122 [naga warrior/hand axe (11)]
 39030 | Snake:2  | HP: 24/122 [shock serpent/bolt of electricity (23)]
 39030 | Snake:2  | HP: 4/122 [shock serpent (12)]
 39105 | Snake:2  | HP: 19/122 [naga/halberd (19)]
 39109 | Snake:1  | Reached skill level 14 in Dodging
 39109 | Snake:1  | Reached XP level 17. HP: 20/128 MP: 2/34
 39548 | Snake:3  | Got a steaming falchion
 39549 | Snake:3  | Identified the +7 falchion "Kaatown" {elec, rF+} (You found it on level 3 of the Snake Pit)
 41457 | Swamp:4  | Entered Level 4 of the Swamp
 41501 | Swamp:4  | Noticed Bai Suzhen
 41840 | Swamp:4  | Killed Bai Suzhen
 41896 | Swamp:4  | Noticed Xiguana's ghost (adept NaTm)
 42312 | Swamp:4  | Received a gift from Sif Muna
 42315 | Swamp:4  | Identified Sif Muna's Almanac of Flying Dark Magic (Sif Muna gifted it to you on level 4 of the Swamp)
 42529 | Swamp:4  | Killed Xiguana's ghost
 42635 | Swamp:4  | Reached skill level 14 in Conjurations
 42833 | Swamp:4  | HP: 37/128 [thorn hunter/volley of thorns (23)]
 43263 | Swamp:4  | HP: 38/128 [seven-headed hydra (5)]
 43294 | Swamp:4  | HP: 28/128 [five-headed hydra (11)]
 43296 | Swamp:4  | HP: 10/128 [seven-headed hydra (12)]
 43297 | Swamp:4  | HP: 3/128 [five-headed hydra (7)]
 43297 | Swamp:4  | Mangled by a seven-headed hydra

Vault maps used:
D:1:      tarquinn_simple_flora_water_e
D:2:      patterned_corridor, uniq_sigmund
D:3:      minitemple, nicolae_ru_the_path_less_chosen, uniq_terence,
          uniq_jessica
D:4:      grunt_temple_overflow_opulence, first_bread,
          nicolae_dithmenos_shadow_blocks
D:5:      lemuel_flamethrower_2, uniq_crazy_yiuf_cottage
D:6:      minmay_misc_feat_alley
D:7:      serial_shops, shop, uniq_duvessa
D:8:      basic_altar, uniq_psyche
D:9:      kennysheep_little_box, nicolae_overflow_crystal_walls, bloody_trog,
          lemuel_zombie_altar_yredelemnul, lemuel_crystal_altar
D:10:     grunt_lair_entry_orc_guard_hut, ashenzari_altar_1
D:11:     portal_ice_cave_entry_pillars_1, grunt_ogre_cave, uniq_sonja
D:12:     orc_0_dummy, serial_shops, shop_fountains, serial_glass,
          glass_columns_b, glass_columns_a, lightli_elemental_guards,
          uniq_harold
D:13:     minmay_mutant_horseshoe, david_vaults_2, uniq_rupert
D:14:     kennysheep_nub
D:15:     gammafunk_enter_depths_forms, yredelemnul_altar_generic,
          glass_columns_b, uniq_azrael
Temple:   corrupted_temple
Lair:2:   minmay_snake_entry_six_corridors, lemuel_fruit_fields
Lair:3:   minmay_swamp_entry_swarm, lemuel_fruit_tree, grunt_megastairs_4,
          uniq_gastronok
Lair:4:   serial_bayou_shore_b
Lair:5:   dpeg_slime_entry_enclosed_altar, hangedman_lair_unloving_vines,
          serial_bayou_shore_a
Lair:6:   hangedman_lair_tendril_chambers
Swamp:1:  wheals_swamp_sinkhole, swamp_pool4, uniq_josephine
Swamp:2:  evilmike_swamp_ruin_house_4, uniq_jorgrun
Swamp:3:  nicolae_swamp_stair_fork, infiniplex_staircase_pool
Swamp:4:  grunt_swamp_rune_castle, uniq_bai_suzhen
Snake:1:  spider_trap, nrook_guardian_serpent_ordinary
Snake:2:  grunt_megastairs_3, uniq_vashnia
Orc:1:    basic_altar, lightli_volcano_entry_magma_tube, serial_shops, shop
Orc:2:    st_orc_rangers
IceCv:    ice_cave_statue_garden_teleport
Volcano:  pf_volcano_lost_world

Skill      XL: |  1  2  3  4  5  6  7  8  9 10 11 12 13 14 15 16 17 |
---------------+----------------------------------------------------+-----
Conjurations   | 1 2 3 4 5 7 8 9 10 11 12 13 14 | 14.1
Spellcasting   | 3 7 9 10 11 12 13 | 13.7
Poison Magic   | 5 6 8 9 |  9.1
Fighting       | 1 6 8 10 | 10.0
Shields        | 2 5 |  5.0
Invocations    | 7 8 9 10 | 10.2
Evocations     | 3 7 10 | 10.0
Dodging        | 6 9 12 14 | 14.9
Translocations | 3 |  3.0
Charms         | 1 3 |  3.0
Stealth        | |  1.7

Action                   |  1- 3 |  4- 6 |  7- 9 | 10-12 | 13-15 | 16-18 || total
-------------------------+-------+-------+-------+-------+-------+-------++-------
Melee: Unarmed           |       |    45 |       |       |       |       ||    45
       Flail             |       |       |   143 |    87 |     4 |       ||   234
       Rapier            |       |       |    90 |   124 |   409 |    49 ||   672
       Staff             |       |       |       |     2 |     8 |       ||    10
       Falchion          |       |       |       |       |       |    89 ||    89
Throw: Stone             |       |     7 |       |       |       |       ||     7
       Tomahawk          |       |       |     4 |       |       |       ||     4
       Throwing net      |       |       |       |       |     1 |       ||     1
 Cast: Sting             |    80 |   148 |   251 |   103 |    31 |     1 ||   614
       Mephitic Cloud    |       |       |    15 |       |     4 |     1 ||    20
       Conjure Flame     |       |       |    11 |    71 |    80 |    24 ||   186
       Olgreb's Toxic Ra |       |       |    16 |    82 |   179 |    30 ||   307
       Magic Dart        |       |       |    10 |    50 |    31 |     6 ||    97
       Repel Missiles    |       |       |     1 |     1 |     4 |     5 ||    11
       Venom Bolt        |       |       |       |    23 |    29 |    12 ||    64
       Stone Arrow       |       |       |       |   124 |   524 |   437 ||  1085
       Blink             |       |       |       |     1 |       |       ||     1
       Iskenderun's Myst |       |       |       |       |    23 |   138 ||   161
       Regeneration      |       |       |       |       |     4 |     1 ||     5
       Poison Arrow      |       |       |       |       |     2 |    25 ||    27
Invok: Channel Magic     |       |       |       |     1 |     4 |     1 ||     6
 Abil: Evoke Invisibilit |       |       |       |       |     3 |       ||     3
       Evoke Blink       |       |       |       |       |     5 |     2 ||     7
Evoke: Wand              |       |     8 |     3 |     4 |     1 |     1 ||    17
  Use: Scroll            |    11 |     3 |     7 |    12 |     9 |     9 ||    51
       Potion            |       |       |     1 |       |     3 |     3 ||     7
 Stab: Sleeping          |       |       |     2 |     1 |       |       ||     3
       Confused          |       |       |     1 |       |       |       ||     1
  Eat: Chunk             |     5 |     8 |    19 |    32 |    52 |    14 ||   130
       Fruit             |       |       |       |       |     1 |       ||     1
       Pizza             |       |       |       |       |     1 |       ||     1
       Bread ration      |       |       |       |       |       |     6 ||     6
Armor: Robe              |     4 |   119 |   160 |   156 |   192 |   180 ||   811
Dodge: Dodged            |    11 |   103 |   182 |   215 |   475 |   543 ||  1529
       Deflected         |       |       |     3 |       |    27 |    27 ||    57
Block: Buckler           |       |       |       |    76 |   157 |   132 ||   365

Table legend:
 A = Turns spent in this place as a percentage of turns spent in the entire game.
 B = Non-inter-level travel turns spent in this place as a percentage of non-inter-level travel turns spent in the entire game.
 C = Inter-level travel turns spent in this place as a percentage of turns spent in this place.
 D = Turns resting spent in this place as a percentage of non-inter-level travel turns spent in this place.
 E = Turns spent auto-exploring this place as a percentage of non-inter-level travel turns spent in this place.
 F = Non-inter-level travel turns spent in this place divided by the number of levels of this place that you've seen.
                   A       B       C       D       E      F
               +-------+-------+-------+-------+-------+----------------------
         Total | 100.0 | 100.0 |   0.7 |   3.6 |   4.8 | 478.4
       Dungeon |  44.2 |  44.2 |   0.8 |   2.9 |   5.6 | 464.7
        Temple |   0.1 |   0.1 |   4.3 |   0.0 |  27.3 |  22.0
          Lair |  23.6 |  23.6 |   0.8 |   3.1 |   3.8 | 619.8
         Swamp |  10.2 |  10.2 |   0.7 |   6.8 |   6.2 | 404.0
     Snake Pit |   9.8 |   9.8 |   0.5 |   7.5 |   6.1 | 516.3
  Orcish Mines |   8.2 |   8.2 |   0.8 |   0.6 |   1.5 | 647.0
      Ice Cave |   1.2 |   1.2 |   0.0 |   4.9 |   0.0 | 185.0
       Volcano |   2.7 |   2.7 |   0.0 |   3.0 |   1.4 | 432.0
               +-------+-------+-------+-------+-------+----------------------

Vault maps used:
D:1:      tarquinn_simple_flora_water_e
D:2:      patterned_corridor, uniq_sigmund
D:3:      minitemple, nicolae_ru_the_path_less_chosen, uniq_terence,
          uniq_jessica
D:4:      grunt_temple_overflow_opulence, first_bread,
          nicolae_dithmenos_shadow_blocks
D:5:      lemuel_flamethrower_2, uniq_crazy_yiuf_cottage
D:6:      minmay_misc_feat_alley
D:7:      serial_shops, shop, uniq_duvessa
D:8:      basic_altar, uniq_psyche
D:9:      kennysheep_little_box, nicolae_overflow_crystal_walls, bloody_trog,
          lemuel_zombie_altar_yredelemnul, lemuel_crystal_altar
D:10:     grunt_lair_entry_orc_guard_hut, ashenzari_altar_1
D:11:     portal_ice_cave_entry_pillars_1, grunt_ogre_cave, uniq_sonja
D:12:     orc_0_dummy, serial_shops, shop_fountains, serial_glass,
          glass_columns_b, glass_columns_a, lightli_elemental_guards,
          uniq_harold
D:13:     minmay_mutant_horseshoe, david_vaults_2, uniq_rupert
D:14:     kennysheep_nub
D:15:     gammafunk_enter_depths_forms, yredelemnul_altar_generic,
          glass_columns_b, uniq_azrael
Temple:   corrupted_temple
Lair:2:   minmay_snake_entry_six_corridors, lemuel_fruit_fields
Lair:3:   minmay_swamp_entry_swarm, lemuel_fruit_tree, grunt_megastairs_4,
          uniq_gastronok
Lair:4:   serial_bayou_shore_b
Lair:5:   dpeg_slime_entry_enclosed_altar, hangedman_lair_unloving_vines,
          serial_bayou_shore_a
Lair:6:   hangedman_lair_tendril_chambers
Swamp:1:  wheals_swamp_sinkhole, swamp_pool4, uniq_josephine
Swamp:2:  evilmike_swamp_ruin_house_4, uniq_jorgrun
Swamp:3:  nicolae_swamp_stair_fork, infiniplex_staircase_pool
Swamp:4:  grunt_swamp_rune_castle, uniq_bai_suzhen
Snake:1:  spider_trap, nrook_guardian_serpent_ordinary
Snake:2:  grunt_megastairs_3, uniq_vashnia
Orc:1:    basic_altar, lightli_volcano_entry_magma_tube, serial_shops, shop
Orc:2:    st_orc_rangers
IceCv:    ice_cave_statue_garden_teleport
Volcano:  pf_volcano_lost_world
